 Dungeon Crawl Stone Soup version 0.30-a0-1074-g5db6f66fbb (webtiles) character file.

Game seed: 17142223226269904958

350 quinnr the Conjurer (level 6, -6/32 HPs)
             Began as a Tengu Air Elementalist on Apr 13, 2023.
             Mangled by Grinder (8 damage)
             ... on level 5 of the Dungeon.
             The game lasted 00:09:52 (5176 turns).

quinnr the Conjurer (Tengu Air Elementalist)        Turns: 5176, Time: 00:09:53

Health: -6/32      AC:  2    Str:  9    XL:     6   Next: 61%
Magic:  3/11       EV: 14    Int: 17    God:
Gold:   185        SH:  0    Dex: 14    Spells: 1/11 levels left

rFire   . . .      SeeInvis .    r - +4 dagger (venom)
rCold   . . .      Faith    .    (no shield)
rNeg    . . .      Spirit   .    m - +0 robe of the Lion {rCorr}
rPois   .          Reflect  .    (helmet restricted)
rElec   .          Rampage  .    (no cloak)
rCorr   +                        (no gloves)
Will    +....                    (boots unavailable)
Stlth   +++                      (no amulet)
HPRegen 0.25/turn                W - ring of willpower
MPRegen 0.12/turn                (no ring)

@: flying quickly and evasively, quick
A: beak, talons 3, nimble flight
a: no special abilities


You were on level 5 of the Dungeon.
You visited 1 branch of the dungeon, and saw 5 of its levels.

You collected 281 gold pieces.
You spent 96 gold pieces at shops.


Innate Abilities, Weirdness & Mutations

You have a beak for a mouth.
You have claws for feet.
Your magical nature lets you fly swiftly and evasively.


   Skills:
 + Level 2.1 Dodging
 - Level 4.0 Stealth
 - Level 3.0 Spellcasting
 - Level 5.1 Conjurations
 - Level 2.2 Hexes
 + Level 4.0 Air Magic


You had one spell level left.
You knew the following spells:

 Your Spells              Type           Power      Damage    Failure   Level
a - Airstrike             Air            8%         2d(2-18)  32%         4
d - Dazzling Flash        Conj/Hex       30%        N/A       12%         3
t - Static Discharge      Conj/Air       36%        2-4/arc   4%          2
z - Shock                 Conj/Air       72%        1d7       2%          1

Your spell library contained the following spells:

 Spells                   Type           Power      Damage    Failure   Level
 Swiftness                Air            16%        N/A       10%         3
 Tukima's Dance           Hex            10%        N/A       21%         3
 Silence                  Hex/Air        6%         N/A       80%         5
 Passage of Golubria      Tloc           2%         N/A       86%         4
 Yara's Violent Unravell  Hex/Tmut       3%         3d4       97%         5
 Agony                    Necr           2%         N/A       99%         5

Inventory:

Hand Weapons
 r - a +4 dagger of venom (weapon)
Missiles
 h - 2 atropa-tipped darts
 j - 4 poisoned darts
Armour
 a - a +0 robe
 m - the +0 robe of the Lion (worn) {rCorr}
   (You found it on level 3 of the Dungeon)

   rCorr:     It protects you from acid and corrosion.
Jewellery
 W - a ring of willpower (left hand)
Scrolls
 i - a scroll of torment
 l - a scroll of magic mapping
 o - a scroll of enchant armour {unknown}
 p - a scroll of teleportation {unknown}
 q - a scroll of fog {unknown}
Potions
 b - a potion of magic
 c - 2 potions of heal wounds {@q2}
 d - 2 potions of attraction {unknown}
 e - a potion of curing {@q1}
 g - 2 potions of haste {@q3}
 k - a potion of might {unknown}
 n - a potion of mutation

Dungeon Overview and Level Annotations

Branches:
Dungeon (5/15)
 Temple: D:4-7

Altars:
Dithmenos
Elyvilon
Zin

Shops:
D:1 !   D:5 (

Annotations:
D:3 exclusion: steam dragon
D:5 Grinder

#............#............
#...##.########...........
##...##.##....##....####.##
.....#.).....##....#######
#....'....................
##....#....................
#....##.......##...........
#... #.......##...........
##...##..5@.<.##....##...##
#....'........##....#######
#....#.........#.....
#....###########..... #....
#.....# ##... .... #....
#....


You could see Grinder.


Message History

Confirm with . or Enter, or press ? or * to list all spells.
Grinder is struck by an arc of lightning.
Grinder is heavily wounded.
You are struck by an arc of lightning.
* * * LOW HITPOINT WARNING * * *
The lightning grounds out.
Grinder gestures at you. You resist with some effort.
Unknown command.
Unknown command.
Casting: Static Discharge (safe; 4% risk of failure)
Confirm with . or Enter, or press ? or * to list all spells.
Grinder is struck by an arc of lightning.
Grinder is severely wounded.
You are struck by an arc of lightning.
* * * LOW HITPOINT WARNING * * *
Grinder is struck by an arc of lightning.
Grinder is severely wounded.
The lightning grounds out.
Grinder rolls her eyes.
Grinder hits you!
* * * LOW HITPOINT WARNING * * *
You writhe in agony.
* * * LOW HITPOINT WARNING * * *
Unknown command.
Unknown command.
You hit Grinder.
Grinder is severely wounded.
Grinder hits you!
You die...

Skill      XL: |  1  2  3  4  5  6 |
---------------+-------------------+-----
Stealth        | 3 4 |  4.0
Conjurations   | 2 3 4 5 |  5.1
Hexes          | 1 2 |  2.2
Spellcasting   | 3 |  3.0
Dodging        | |  2.1
Air Magic      | |  4.0

Action                     |  1- 3 |  4- 6 || total
---------------------------+-------+-------++-------
  Melee: Unarmed           |    12 |       ||    12
         Peck              |     3 |       ||     3
         Kick              |     4 |     1 ||     5
         Dagger            |       |     2 ||     2
   Cast: Shock             |    85 |   100 ||   185
         Static Discharge  |       |     9 ||     9
    Use: Scroll            |       |     6 ||     6
         Potion            |       |     1 ||     1
 Armour: Robe              |    11 |     6 ||    17
  Dodge: Dodged            |    15 |    25 ||    40

Levels and vault maps discovered:
D:1:      tekkud_arrival_beachfront_property, layout_loops_corners,
          serial_shops, shop
D:2:      layout_rooms
D:3:      layout_loops_cross
D:4:      layout_loops_cross, mainiacjoe_overflow_tiny_flanked,
          nicolae_overflow_hidden_temple, grunt_tough_drop
D:5:      layout_gridville, elyvilon_altar_3, serial_shops, shop, uniq_grinder,
          uniq_blork_the_orc

Notes
Turn   | Place    | Note
-------+----------+-------------------------------------------
     0 | D:1      | quinnr the Tengu Air Elementalist began the quest for the
                  | Orb.
     0 | D:1      | Reached XP level 1. HP: 10/10 MP: 4/4
   251 | D:1      | Found Ezunar's Distillery.
   271 | D:1      | Bought a potion of curing for 36 gold pieces
   479 | D:1      | Reached XP level 2. HP: 15/15 MP: 3/6
   611 | D:1      | Reached skill level 3 in Stealth
  1121 | D:2      | Learned a level 2 spell: Static Discharge
  1242 | D:1      | Bought a potion of heal wounds for 60 gold pieces
  1333 | D:2      | Reached XP level 3. HP: 19/19 MP: 3/7
  1489 | D:2      | Reached skill level 2 in Conjurations
  1687 | D:3      | Identified the +0 robe of the Lion {rCorr}
  2080 | D:3      | Noticed a steam dragon
  2354 | D:2      | Learned a level 3 spell: Dazzling Flash
  2380 | D:2      | Reached XP level 4. HP: 19/24 MP: 3/8
  2704 | D:4      | Found a glowing silver altar of Zin.
  2789 | D:4      | Reached skill level 4 in Stealth
  3037 | D:4      | Reached skill level 3 in Conjurations
  3226 | D:4      | Gained mutation: Your magical nature lets you fly swiftly
                  | and evasively. [Tengu growth]
  3226 | D:4      | Reached XP level 5. HP: 25/28 MP: 2/9
  3258 | D:4      | Reached skill level 1 in Hexes
  3944 | D:4      | Reached skill level 3 in Spellcasting
  3944 | D:4      | Reached skill level 4 in Conjurations
  4181 | D:4      | Found a glowing silver altar of Zin.
  4366 | D:4      | Reached XP level 6. HP: 16/32 MP: 2/11
  4729 | D:5      | Entered Level 5 of the Dungeon
  4741 | D:5      | Noticed a water moccasin
  4760 | D:5      | Reached skill level 2 in Hexes
  4781 | D:5      | Found Ethik's Weapon Shoppe.
  4810 | D:5      | Found a white marble altar of Elyvilon.
  4976 | D:5      | Reached skill level 5 in Conjurations
  4987 | D:4      | Found a shadowy altar of Dithmenos.
  5103 | D:5      | Noticed Grinder
  5119 | D:4      | Learned a level 4 spell: Airstrike
  5170 | D:5      | Paralysed by Grinder for 3 turns
  5175 | D:5      | HP: 2/32 [Grinder (5)]
  5176 | D:5      | Mangled by Grinder

Vanquished Creatures
  2 scorpions (D:4)
  An iguana (D:4)
  2 orc wizards (D:5)
  3 adders
  4 gnolls (D:4)
  An ufetubus (D:5)
  3 dart slugs
  13 orcs
  An endoplasm (D:1)
  3 giant cockroaches
  6 goblins
  8 hobgoblins
  4 kobolds
  3 quokkas
  6 ball pythons
  5 bats
  4 frilled lizards
  3 rats
72 creatures vanquished.

Table legend: (Time is in decaauts)
 A = Elapsed time spent in this place.
 B = Non-inter-level travel time spent in this place.
 C = Inter-level travel time spent in this place.
 D = Time resting spent in this place.
 E = Time spent auto-exploring this place.
 F = Levels seen in this place.
 G = Mean time per level.
                   A        B        C        D        E       F      G
               +--------+--------+--------+--------+--------+-----+--------+
         Total |   5061 |   4795 |    266 |    139 |   3993 |   5 | 1012.2 |
       Dungeon |   5061 |   4795 |    266 |    139 |   3993 |   5 | 1012.2 |
               +--------+--------+--------+--------+--------+-----+--------+

Top non-repeatable levels by time:
     D:4: 2106 daAuts
     D:1: 1175 daAuts
     D:2: 743 daAuts
     D:3: 672 daAuts
     D:5: 363 daAuts

Table legend:
 A = Non-vault XP
 B = Vault XP
 C = Vault XP percentage of total XP
 D = Non-vault monster count
 E = Vault monster count
 F = Vault count percentage of total count
                 A         B        C        D         E       F
            +---------+---------+-------+---------+---------+-------
      Total |     402 |      99 |  19.8 |      66 |       6 |   8.3
            +---------+---------+-------+---------+---------+-------
        D:1 |      24 |       0 |   0.0 |      14 |       0 |   0.0
        D:2 |      36 |       0 |   0.0 |      13 |       0 |   0.0
        D:3 |      29 |       0 |   0.0 |      15 |       0 |   0.0
        D:4 |     218 |      99 |  31.2 |      16 |       6 |  27.3
        D:5 |      95 |       0 |   0.0 |       8 |       0 |   0.0
            +---------+---------+-------+---------+---------+-------
